 Dungeon Crawl Stone Soup version 0.21.1-1-g345015fe64 (webtiles) character file.

658 Gunterle the Slasher (level 7, -3/49 HPs)
             Began as an Octopode Fighter on July 18, 2018.
             Was a Follower of Dithmenos.
             Slain by a water moccasin (6 damage)
             ... on level 4 of the Dungeon.
             The game lasted 00:16:16 (3016 turns).

Gunterle the Slasher (Octopode Fighter)             Turns: 3016, Time: 00:16:17

Health: -3/49      AC:  1    Str: 15    XL:     7   Next: 55%
Magic:  8/8        EV: 13    Int: 11    God:    Dithmenos [*.....]
Gold:   119        SH: 10    Dex: 13    Spells: 6/6 levels left

rFire    . . .     SeeInvis .   a - +0 long sword
rCold    . . .     Gourm    .   b - +1 shield
rNeg     . . .     Faith    .   (helmet restricted)
rPois    .         Spirit   .   e - amulet of magic regeneration
rElec    .         Reflect  .   (no ring)
rCorr    .         Harm     .   n - ring of flight
MR       .....                  (no ring)
Stlth    +++.......             (no ring)
HPRegen  0.16/turn              (no ring)
MPRegen  0.36/turn              (no ring)
                                (no ring)
                                (no ring)

@: lethally poisoned (-3 -> -32), wreathed by umbra
A: almost no armour, stealthy swim, amphibious, 8 rings, constrict 8, camouflage
1, gelatinous body 1
a: Renounce Religion, Evoke Flight


You were on level 4 of the Dungeon.
You worshipped Dithmenos.
Dithmenos was aware of your devotion.
You were not hungry.

You visited 1 branch of the dungeon, and saw 5 of its levels.

You collected 119 gold pieces.

Inventory:

Hand Weapons
 a - a +0 long sword (weapon)
 m - a +0 spear
 p - a +0 dagger
Missiles
 g - 271 stones (quivered)
 j - 28 arrows
 t - 7 bolts
Armour
 b - a +1 shield (worn)
Jewellery
 e - an amulet of magic regeneration (around mantle)
 i - an uncursed ring of teleportation
 n - a ring of flight (right tentacle)
Wands
 o - a wand of disintegration (9)
 q - a wand of clouds (5)
 v - a wand of polymorph (10)
Scrolls
 c - a scroll of blinking
 h - a scroll of fear {unknown}
 k - 2 scrolls of immolation
 s - a scroll of teleportation
 u - a scroll of amnesia {unknown}
 w - a scroll of magic mapping {unknown}
Potions
 f - a potion of resistance
 l - a potion of heal wounds
 r - a potion of curing {unknown}
 x - a potion of ambrosia {unknown}
 A - a potion of flight
 B - a potion of haste
Comestibles
 d - 7 rations


   Skills:
 + Level 4.4 Fighting
 * Level 5.2 Long Blades
 + Level 4.4 Dodging
 + Level 4.5 Shields
 + Level 2.2 Invocations


You had 6 spell levels left.
You didn't know any spells.

Dungeon Overview and Level Annotations

Branches:
Dungeon (5/15)
 Temple: D:4-7

Altars:
Dithmenos
Fedhas
Gozag
Kikubaaqudgha


Innate Abilities, Weirdness & Mutations

You cannot wear most types of armour.
You are very stealthy in the water. (Stealth+)
You are amphibious.
You can wear up to eight rings at the same time.
You can use your tentacles to constrict eight enemies at once.
Your skin changes colour to match your surroundings (Stealth+).
Your rubbery body absorbs attacks. (AC +1, EV +1)


Message History

You closely miss the water moccasin. Your grab misses the water moccasin.
The water moccasin is lightly wounded.
You feel sick. The water moccasin bites you. x2
You barely miss the water moccasin. Your grab misses the water moccasin.
Your squeeze misses the water moccasin.
The water moccasin is lightly wounded.
You feel sick.
The water moccasin bites you but does no damage.
The water moccasin bites you.
You are lethally poisoned!
The water moccasin poisons you!
You hit the water moccasin. Your grab misses the water moccasin.
Your squeeze misses the water moccasin.
The water moccasin is moderately wounded.
* * * LOW HITPOINT WARNING * * *
You feel sick. The water moccasin bites you!
* * * LOW HITPOINT WARNING * * *
You are more poisoned.
The water moccasin poisons you! The water moccasin bites you.
You die...

##### #....### #.# #..#
#......#### #.# #..#
#....#....###.## #..#
#......##..##..#### #.##
####.#............####.#. #####
#.#....###..........#. ....#
#.#....# ####.......). ....#
####.##...###............ ....#
#..#.##.@.....##......... ....#
#..#.##S..######.......#. ....#
#....##...# #.......#.
.>..#####.##.##...# #.......#.
........#.##.##...#### #.......##
....###...##..#......####.#...###
....# ##......####...............
....#####.#.....###.###..##.....#
##.###........#..##.###.###...###


You could see a water moccasin.

Vanquished Creatures
  Sigmund (D:2)
  2 ogres (D:4)
  2 hounds (D:4)
  An orc priest (D:4)
  2 centaur skeletons
  An orc wizard (D:4)
  A worker ant (D:4)
  8 adders
  2 worms
  2 dart slugs
  2 leopard geckos
  8 orcs
  A ball python (D:2)
  4 giant cockroaches
  6 goblins
  6 hobgoblins (D:3)
  2 jackals (D:3)
  7 kobolds
  2 quokkas
  3 bats
  2 frilled lizards
  6 rats
71 creatures vanquished.

Notes
Turn   | Place    | Note
-------+----------+-------------------------------------------
     0 | D:1      | Gunterle the Octopode Fighter began the quest for the Orb.
     0 | D:1      | Reached XP level 1. HP: 16/16 MP: 1/1
   551 | D:2      | Reached XP level 2. HP: 18/21 MP: 2/2
   778 | D:2      | Found a faded altar of an unknown god.
   896 | D:2      | Noticed Sigmund
   898 | D:2      | Reached XP level 3. HP: 21/26 MP: 3/3
   903 | D:2      | Killed Sigmund
   903 | D:2      | Reached skill level 3 in Long Blades
   903 | D:2      | Reached XP level 4. HP: 21/33 MP: 4/4
   903 | D:2      | Reached XP level 5. HP: 24/37 MP: 5/5
  1188 | D:2      | Found a shadowy altar of Dithmenos.
  1188 | D:2      | Found an opulent altar of Gozag.
  1196 | D:2      | Became a worshipper of Dithmenos the Shadowed
  1322 | D:3      | Reached skill level 4 in Long Blades
  1612 | D:3      | Found a blossoming altar of Fedhas.
  1614 | D:3      | Found an ancient bone altar of Kikubaaqudgha.
  1621 | D:3      | Reached XP level 6. HP: 42/43 MP: 6/6
  1737 | D:3      | Reached * piety under Dithmenos
  2235 | D:4      | Reached skill level 1 in Invocations
  2355 | D:4      | Found an opulent altar of Gozag.
  2562 | D:4      | Reached XP level 7. HP: 48/48 MP: 8/8
  2719 | D:4      | Reached skill level 5 in Long Blades
  2881 | D:5      | Entered Level 5 of the Dungeon
  3016 | D:4      | Slain by a water moccasin

Skill      XL: |  1  2  3  4  5  6  7 |
---------------+----------------------+-----
Long Blades    | 3 4 5 |  5.2
Fighting       | 4 |  4.4
Shields        | 4 |  4.5
Dodging        | 4 |  4.4
Invocations    | 1 2 |  2.2

Action                   |  1- 3 |  4- 6 |  7- 9 || total
-------------------------+-------+-------+-------++-------
Melee: Long sword        |    22 |    98 |    23 ||   143
       Constrict         |     7 |    33 |     2 ||    42
       Tentacles         |     6 |    27 |     5 ||    38
  Use: Scroll            |     3 |     8 |     2 ||    13
       Potion            |     1 |       |     1 ||     2
 Stab: Sleeping          |     3 |     4 |     1 ||     8
       Distracted        |       |     2 |       ||     2
  Eat: Chunk             |       |     5 |     2 ||     7
Armor: Skin              |     2 |     4 |     2 ||     8
Dodge: Dodged            |    11 |    42 |    11 ||    64
Block: Shield            |     7 |    34 |    13 ||    54
       Rpst.: Long sword |     3 |    13 |     3 ||    19
